 Dungeon Crawl Stone Soup version 0.29-a0-866-g0545e20025 (webtiles) character file.

Game seed: 11781893198124341806

53 Malachi the Sneak (level 3, 0/18 HPs)
             Began as a Vampire Brigand on July 17, 2022.
             Killed by divine providence
             ... invoked by an orc priest
              (12 damage)
             ... on level 3 of the Dungeon.
             The game lasted 00:04:22 (1818 turns).

Malachi the Sneak (Vampire Brigand)                 Turns: 1818, Time: 00:04:23

Health: 0/18       AC: 11    Str: 10    XL:     3   Next: 64%
Magic:  3/3        EV: 15    Int: 13    God:
Gold:   64         SH:  4    Dex: 17    Spells: 2/2 levels left

rFire   . . .      SeeInvis +   a - +2 dagger
rCold   + + +      Faith    .   o - +0 buckler
rNeg    + + +      Spirit   .   s - +3 leather armour of the Griffon {Rampage}
rPois   ∞          Reflect  .   (no helmet)
rElec   .          Harm     .   c - +0 cloak
rCorr   .          Rampage  +   n - +2 pair of gloves
Will    .....                   q - +0 pair of boots
Stlth   +++++.....              (no amulet)
HPRegen 0.00/turn               j - +4 ring of evasion
MPRegen 0.08/turn               p - ring of protection from cold

@: bloodless, inhibited regen
A: bloodless, fangs 3, see invisible, vampiric 2, [frail 1]
a: Bat Form, Revivify


You were on level 3 of the Dungeon.
You visited 1 branch of the dungeon, and saw 3 of its levels.

You collected 176 gold pieces.
You spent 112 gold pieces at shops.

Inventory:

Hand Weapons
 a - a +2 dagger (weapon)
Missiles
 d - 9 poisoned darts (quivered)
 e - 3 curare-tipped darts
Armour
 c - a +0 cloak (worn)
 n - a +2 pair of gloves (worn)
 o - a +0 buckler (worn)
 q - a +0 pair of boots (worn)
 s - the +3 leather armour of the Griffon (worn) {Rampage}
   (You bought it in a shop on level 3 of the Dungeon)

   Rampage:   It bestows one free step when moving towards enemies.
Jewellery
 j - a +4 ring of evasion (left hand)
 p - a ring of protection from cold (right hand)
Scrolls
 f - a scroll of fear {unknown}
 h - a scroll of amnesia {unknown}
 i - a scroll of vulnerability {unknown}
 m - 3 scrolls of teleportation {unknown}
Potions
 g - 2 potions of curing
 k - 2 potions of flight {unknown}
 l - a potion of might {unknown}
 r - 2 potions of attraction {unknown}


   Skills:
 - Level 1.8 Fighting
 * Level 4.3 Short Blades
 - Level 1.6 Throwing
 - Level 1.2 Dodging
 - Level 5.9 Stealth


You had 2 spell levels left.
You didn't know any spells.
Your spell library contained the following spells:

 Spells                   Type           Power      Damage    Failure   Level
 Alistair's Intoxication  Tmut/Pois      0%         N/A       100%        5
 Borgnjor's Vile Clutch   Necr/Erth      0%         N/A       100%        5
 Eringya's Noxious Bog    Tmut/Pois      0%         N/A       100%        6


Dungeon Overview and Level Annotations

Branches:
Dungeon (3/15)

Altars:
Gozag

Shops:
D:3 [


Innate Abilities, Weirdness & Mutations

You do not regenerate when monsters are visible.
You are frail without blood (-20% HP).
You can heal yourself when you bite living creatures.
You are immune to poison.
You have razor-sharp teeth.
You have supernaturally acute eyesight. (SInv)
You are afflicted with vampirism and can become a bat while bloodless.
[You are frail. (-10% HP)]


Message History

Unknown command.
Unknown command.
You now have 64 gold pieces (gained 7).
You drop a +0 robe.
You open the large door.
There is a large open door here.
There is a large open door here.
You open the door.
There is an open door here.
Found a scale mail.
Found a stone staircase leading down.
An orc priest comes into view. It is wielding a +0 dagger.
An orc comes into view. It is wielding a +0 club.
An orc comes into view. It is wielding a +0 hand axe.
You rampage towards the orc! 2 orcs come into view.
The orc priest shouts!
The orc shouts! x4
There is an open door here.
You barely miss the orc priest.
The orc priest hits you but does no damage.
You closely miss the orc priest.
You hit the orc priest but do no damage.
The orc priest closely misses you.
You hit the orc priest but do no damage.
The orc closely misses you. The orc hits you but does no damage.
You hit the orc priest but do no damage.
The orc priest closely misses you. The orc closely misses you.
The orc misses you. The orc hits you but does no damage.
You hit the orc priest but do no damage.
The orc priest hits you but does no damage.
The orc hits you but does no damage. The orc hits you with a +0 hand axe.
The orc misses you.
You barely miss the orc priest.
The orc priest hits you but does no damage.
You block the orc's attack. x2; The orc hits you but does no damage.
The orc attacks as you move away! The orc hits you but does no damage.
The orc priest invokes the aid of Beogh against you.
Beogh smites you!
Ouch! That really hurt!
You die...

........#####.....# #...##
...........##.....## #...#.
......oo...........###...#.
#.................##....#.
#.................''....'.
#......##...##....##...##.
######'##o..##....#....##.
#..oo....##....#....##.
#...oo@..##....#.......
..#.....####.............
...'..>.....+.............
...#........#.......###...
....#........#.......#.....
#............#.......#....(
#............#.......#.....
#....................#.....
###..............#...#.......


You could see an orc priest and 4 orcs.

Vanquished Creatures
  An adder (D:2)
  4 ball pythons
  4 endoplasms
  3 goblins
  6 hobgoblins (D:1)
  4 jackals (D:1)
  5 kobolds
  6 bats
  2 frilled lizards (D:2)
  6 rats
41 creatures vanquished.

Notes
Turn   | Place    | Note
-------+----------+-------------------------------------------
     0 | D:1      | Malachi the Vampire Brigand began the quest for the Orb.
     0 | D:1      | Reached XP level 1. HP: 16/16 MP: 1/1
   153 | D:1      | Reached XP level 2. HP: 14/17 MP: 2/2
   403 | D:1      | Noticed a great orb of eyes
   405 | D:1      | Found a faded altar of an unknown god.
   444 | D:1      | Noticed a floating eye
   453 | D:1      | Noticed a golden eye
   453 | D:1      | Noticed a shining eye
   585 | D:1      | Gained mutation: You are afflicted with vampirism and can
                  | become a bat while bloodless. [Vampire growth]
   585 | D:1      | Reached XP level 3. HP: 18/18 MP: 3/3
   767 | D:2      | Found an opulent altar of Gozag.
  1610 | D:3      | Noticed an ogre
  1727 | D:3      | Found Naru Ney's Antique Armour Shoppe.
  1731 | D:3      | Bought a warped leather armour for 112 gold pieces
  1731 | D:3      | Identified the +3 leather armour of the Griffon {Rampage}
                  | (You bought it in a shop on level 3 of the Dungeon)
  1818 | D:3      | Killed from afar by an orc priest

Illustrated notes

Levels and vault maps discovered:
D:1:      nicolae_arrival_washed_ashore, layout_rooms,
          hellmonk_ecumenical_altar_watching_god
D:2:      layout_loops_corners, basic_altar
D:3:      layout_basic, serial_shops, nicolae_shop_stone, shop_coins,
          nicolae_shop_stone, uniq_ijyb

Skill      XL: |  1  2  3 |
---------------+----------+-----
Short Blades   | 3 4 |  4.3
Fighting       | |  1.8
Throwing       | |  1.6
Dodging        | |  1.2
Stealth        | |  5.9

Action                   || total
-------------------------++-------
Melee: Dagger            ||   105
       Bite              ||     6
       Punch             ||     1
 Abil: Exsanguinate      ||     2
       Revivify          ||     1
  Use: Potion            ||     1
 Stab: Sleeping          ||    17
Armor: Robe              ||    17
       Leather armour    ||     8
Dodge: Dodged            ||    75
Block: Buckler           ||     2

Table legend: (Time is in decaauts)
 A = Elapsed time spent in this place.
 B = Non-inter-level travel time spent in this place.
 C = Inter-level travel time spent in this place.
 D = Time resting spent in this place.
 E = Time spent auto-exploring this place.
 F = Levels seen in this place.
 G = Mean time per level.
                   A        B        C        D        E       F      G
               +--------+--------+--------+--------+--------+-----+--------+
         Total |   1799 |   1715 |     84 |      0 |   1247 |   3 |  599.7 |
       Dungeon |   1799 |   1715 |     84 |      0 |   1247 |   3 |  599.7 |
               +--------+--------+--------+--------+--------+-----+--------+

Top non-repeatable levels by time:
     D:2: 928 daAuts
     D:1: 657 daAuts
     D:3: 212 daAuts
